 Dungeon Crawl Stone Soup version 0.31.0-9-g3a7656b989 (webtiles) character file.

Game seed: 15567488002057072703

2797 qw the Skirmisher (level 9, -3/52 HPs)
             Began as a Deep Elf Hunter on Feb 2, 2024.
             Was an Initiate of Okawaru.
             Slain by an orc priest
             ... wielding a +0 war axe
              (6 damage)
             ... on level 7 of the Dungeon.
             The game lasted 00:00:32 (6459 turns).

qw the Skirmisher (Deep Elf Hunter)                 Turns: 6459, Time: 00:00:33

Health: -3/52      AC: 13    Str: 12    XL:     9   Next: 43%
Magic:  11/11      EV: 19    Int: 15    God:    Okawaru [......]
Gold:   389        SH:  0    Dex: 18    Spells: 8/8 levels left

rFire   . . .        a - +3 shortbow
rCold   . . .        (shield currently unavailable)
rNeg    . . .        g - +1 ring mail
rPois   .            j - +2 hat {Stlth+}
rElec   .            (no cloak)
rCorr   .            (no gloves)
SInv    .            s - +0 pair of boots
Will    .....        (no amulet)
Stlth   ++           p - +4 ring of protection
HPRegen 0.28/turn    n - +5 ring of evasion
MPRegen 0.12/turn

%: no passive effects
@: about to teleport
A: no striking features
a: Renounce Religion


You were on level 7 of the Dungeon.
You worshipped Okawaru.
Okawaru was noncommittal.
You visited 2 branches of the dungeon, and saw 8 of its levels.
You also visited: Sewer and Ossuary.

You collected 389 gold pieces.


   Skills:
 + Level 4.3 Fighting
 - Level 14.1 Ranged Weapons
 - Level 2.0 Armour
 - Level 7.2 Dodging
 - Level 1.2 Stealth


You had 8 spell levels left.
You didn't know any spells.
Your spell library was empty.

Inventory:

Hand Weapons
 a - a +3 shortbow (weapon)
Armour
 g - a +1 ring mail (worn)
 j - a +2 hat of stealth (worn)
 s - a +0 pair of boots (worn)
Jewellery
 n - a +5 ring of evasion (right hand)
 o - an amulet of guardian spirit
 p - a +4 ring of protection (left hand)
Wands
 e - a wand of mindburst (15)
 k - a wand of paralysis (19)
 l - a wand of quicksilver (4)
 q - a wand of digging (1)
Potions
 b - 2 potions of curing
 c - 2 potions of resistance
 f - a potion of cancellation {unknown}
 h - a potion of mutation {unknown}
 i - a potion of enlightenment
 m - a potion of lignification {unknown}
 r - a potion of ambrosia {unknown}

Dungeon Overview and Level Annotations

Branches:
Dungeon (7/15)             Temple (1/1) D:7           Sewer (visited)
Ossuary (visited)

Altars:
Ashenzari
Cheibriados
Dithmenos
Elyvilon
Fedhas
Gozag
Hepliaklqana
Kikubaaqudgha
Makhleb
Nemelex Xobeh
Okawaru
Qazlal
Ru
Trog
Uskayaw
Vehumet
Wu Jian
Xom
Yredelemnul
Zin
The Shining One

Shops:
D:1 =   D:2 =

Annotations:
D:1 2 transporters


Message History

The arrow hits the iguana but does no damage.
The iguana is almost dead.
You shoot an arrow. The arrow hits the iguana.
You kill the iguana!
Okawaru accepts your kill.
The orc priest miscasts a cantrip.
The orc hits you but does no damage.
You shoot an arrow. The arrow barely misses the orc.
The orc barely misses you. The orc misses you.
You shoot an arrow. The arrow barely misses the orc.
The orc barely misses you.
The orc priest calls down the wrath of Beogh upon you.
Beogh smites you! The orc completely misses you.
You shoot an arrow. The arrow hits the orc.
You kill the orc!
Okawaru accepts your kill. The orc hits you but does no damage.
The orc priest begins to cast a cantrip, but forgets the words!
The orc closely misses you.
You shoot an arrow. The arrow hits the orc!
You kill the orc!
Okawaru accepts your kill.
You shoot an arrow. The arrow hits the orc priest.
The orc priest is moderately wounded.
The orc misses you.
The orc priest looks encouraged for a moment.
You shoot an arrow. The arrow hits the orc priest.
The orc priest is severely wounded.
The orc closely misses you.
The orc priest looks satisfied for a moment.
The ice beast completely misses you.
You shoot an arrow. The arrow barely misses the orc priest.
The orc barely misses you. The orc priest completely misses you.
The ice beast hits you. The ice beast freezes you!
6459 ||| READING scroll of teleportation.
As you read the scroll of teleportation, it crumbles to dust.
You feel strangely unstable. The orc completely misses you.
The orc priest hits you with a +0 war axe.
You die...

..#
#...#...#...#.#
..#
#...#.}.#.....#
..#
#.###...###.....
..#
##...............
..#
#...}..>..}......
###
.#.............###
....###...###..#
.##...#.}.#...##
#...#@o.#...#
....?.Yo).....#
.#...:.<.######
#.......#
...).....#
.#.......# .
#.......# .
######### .


You could see an ice beast, an orc priest and an orc.

Vanquished Creatures
  Pikel (D:6)
  Sigmund (D:6)
  A wyvern (D:7)
  An ice beast (D:7)
  A sky beast (D:7)
  An ogre (D:5)
  2 kobold brigands
  2 lemures (D:6)
  A phantom (D:6)
  Blork the orc (D:6)
  2 brain worms (Sewer)
  2 bullfrogs (D:6)
  2 scorpions
  An elf zombie (Ossuary)
  2 burial acolytes (Ossuary)
  2 bombardier beetles
  An orc priest (D:4)
  3 hounds
  5 iguanas
  5 sleepcaps
  An orc wizard (D:7)
  6 mummies (Ossuary)
  18 adders
  4 gnolls (D:2)
  4 river rats
  3 white imps
  2 ufetubi (D:5)
  2 dart slugs (D:1)
  26 orcs
  7 bats
  4 endoplasms
  5 giant cockroaches
  3 gnoll zombies (Ossuary)
  5 goblins
  3 hobgoblins (D:1)
  5 jackals
  10 kobolds
  5 quokkas
  18 ball pythons
  9 frilled lizards
  3 kobold zombies (Ossuary)
  An orc zombie (Ossuary)
  12 rats
193 creatures vanquished.

Notes
Turn   | Place    | Note
-------+----------+-------------------------------------------
     0 | D:1      | qw the Deep Elf Hunter began the quest for the Orb.
     0 | D:1      | Reached XP level 1. HP: 12/12 MP: 3/3
     0 | D:1      | 0 ||| qw: Version: 0.3-a-155-g5e7d8dd
     0 | D:1      | 0 ||| qw: Game counter: 1989
     0 | D:1      | 0 ||| qw: Melee chars always use a shield: true
     0 | D:1      | 0 ||| qw: God list: Okawaru
     0 | D:1      | 0 ||| qw: Allow faded altars: false
     0 | D:1      | 0 ||| qw: Do Orc after clearing Dungeon:15 true
     0 | D:1      | 0 ||| qw: Do second Lair branch before Depths: true
     0 | D:1      | 0 ||| qw: Lair rune preference: random
     0 | D:1      | 0 ||| qw: Goals: Normal
     0 | D:1      | 0 ||| PLANNING D:1-11
    94 | D:1      | Reached skill level 6 in Ranged Weapons
    94 | D:1      | Reached XP level 2. HP: 9/16 MP: 4/4
   177 | D:1      | Found a transporter.
   177 | D:1      | Found Iptugaza's Jewellery Shoppe.
   371 | D:1      | Reached XP level 3. HP: 20/20 MP: 5/5
   647 | D:1      | Found a transporter.
   718 | D:1      | 718 ||| UPGRADING to +0 ring mail.
   728 | D:1      | 728 ||| DROPPING +0 leather armour.
   729 | D:1      | 729 ||| READING scroll labelled IPPIOR ROAR.
   730 | D:1      | 730 ||| READING scroll labelled KOPPOS ATWI.
   731 | D:1      | 731 ||| READING scroll labelled KIDWOXK QIGO.
   731 | D:1      | 731 ||| ENCHANTING +0 shortbow.
   732 | D:1      | 732 ||| READING scroll labelled WOUG ELIKLU.
   735 | D:1      | 735 ||| READING scroll labelled TAAPNE MEDIEMP.
   736 | D:1      | 736 ||| DROPPING scroll of butterflies.
   744 | D:2      | Found Ontior Agono's Jewellery Emporium.
   751 | D:2      | 751 ||| SHOPLISTING amulet of guardian spirit (420 gold,
                  | have 0).
   751 | D:2      | 751 ||| SHOPLISTING amulet of reflection (420 gold, have
                  | 0).
   751 | D:2      | 751 ||| SHOPLISTING amulet of regeneration (420 gold, have
                  | 0).
   751 | D:2      | 751 ||| SHOPLISTING ring of protection from cold (350 gold,
                  | have 0).
   751 | D:2      | 751 ||| SHOPLISTING ring of resist corrosion (280 gold,
                  | have 0).
   751 | D:2      | 751 ||| SHOPLISTING ring of willpower (350 gold, have 0).
   892 | D:2      | Found an opulent altar of Gozag.
   909 | D:2      | 909 ||| RETREEEEATING.
   917 | D:2      | Reached skill level 7 in Ranged Weapons
   984 | D:2      | Reached XP level 4. HP: 25/25 MP: 6/6
  1655 | D:2      | 1655 ||| UPGRADING to ring of resist corrosion.
  1656 | D:2      | 1656 ||| READING scroll labelled ENI MICRUTSO.
  1656 | D:2      | 1656 ||| IDENTIFYING orange potion
  1657 | D:2      | 1657 ||| DROPPING potion of degeneration.
  1679 | D:3      | 1679 ||| STAIRDANCE
  1717 | D:3      | Reached skill level 8 in Ranged Weapons
  1785 | D:3      | Reached XP level 5. HP: 29/29 MP: 7/7
  1963 | D:3      | HP: 7/29 [poisoned by an adder]
  2121 | D:3      | Reached skill level 9 in Ranged Weapons
  2574 | D:3      | 2574 ||| UPGRADING to +2 hat of stealth.
  2579 | D:3      | 2579 ||| READING scroll labelled UNATUW KIOTS.
  2580 | D:3      | 2580 ||| DRINKING 2 viscous blue potions.
  2588 | D:4      | 2588 ||| PLANNING SEWER
  2721 | D:4      | Reached XP level 6. HP: 26/35 MP: 8/8
  2942 | D:4      | Found a glowing drain.
  2943 | D:4      | 2943 ||| UPGRADING to amulet of guardian spirit.
  2948 | D:4      | 2948 ||| DROPPING ring of resist corrosion.
  2949 | D:4      | 2949 ||| UPGRADING to +5 ring of evasion.
  2950 | D:4      | 2950 ||| READING 3 scrolls of identify.
  2950 | D:4      | 2950 ||| IDENTIFYING sedimented orange potion
  2951 | D:4      | 2951 ||| READING 2 scrolls of identify.
  2951 | D:4      | 2951 ||| IDENTIFYING sapphire potion
  2952 | D:4      | 2952 ||| READING scroll of identify.
  2952 | D:4      | 2952 ||| IDENTIFYING bubbling dark potion
  2953 | D:4      | 2953 ||| DROPPING potion of attraction.
  2959 | Sewer    | Entered a sewer
  2986 | Sewer    | Reached skill level 10 in Ranged Weapons
  3052 | Sewer    | Reached skill level 3 in Dodging
  3120 | Sewer    | HP: 1/35 [brain worm/psychic fangs (11)]
  3121 | Sewer    | 3121 ||| READING scroll of teleportation.
  3122 | Sewer    | 3122 ||| DRINKING potion of heal wounds.
  3353 | Sewer    | Reached XP level 7. HP: 32/40 MP: 9/9
  3357 | Sewer    | Reached skill level 11 in Ranged Weapons
  3735 | Sewer    | 3735 ||| DRINKING 2 cyan potions.
  3736 | Sewer    | 3736 ||| DROPPING potion of brilliance.
  3741 | D:4      | 3741 ||| PLANNING D:1-11
  3780 | D:4      | 3780 ||| READING scroll of enchant weapon.
  3780 | D:4      | 3780 ||| ENCHANTING +1 shortbow.
  3928 | D:4      | Found a hide-covered altar of Uskayaw.
  4223 | D:4      | 4223 ||| READING scroll of identify.
  4223 | D:4      | 4223 ||| IDENTIFYING green potion
  4224 | D:4      | 4224 ||| DROPPING potion of invisibility.
  4270 | D:5      | Entered Level 5 of the Dungeon
  4615 | D:5      | Reached skill level 12 in Ranged Weapons
  4676 | D:5      | Found a broken altar of Ashenzari.
  4679 | D:5      | 4679 ||| FLEEEEING.
  4680 | D:5      | 4680 ||| FLEEEEING.
  4681 | D:5      | 4681 ||| FLEEEEING.
  4682 | D:5      | 4682 ||| FLEEEEING.
  4719 | D:5      | Reached skill level 1 in Armour
  5121 | D:5      | 5121 ||| READING scroll labelled VOYCOKK YSTUL.
  5121 | D:5      | 5121 ||| ENCHANTING +0 ring mail.
  5212 | D:6      | Noticed Blork the orc
  5220 | D:6      | Killed Blork the orc
  5221 | D:6      | Reached XP level 8. HP: 43/45 MP: 10/10
  5223 | D:6      | Reached skill level 3 in Fighting
  5279 | D:6      | Noticed Pikel
  5280 | D:6      | 5280 ||| RETREEEEATING.
  5282 | D:6      | 5282 ||| RETREEEEATING.
  5283 | D:6      | 5283 ||| ZAPPING wand of quicksilver (8) at 5,4 (Pikel;
                  | floor).
  5285 | D:6      | 5285 ||| RETREEEEATING.
  5286 | D:6      | 5286 ||| ZAPPING wand of mindburst (19) at 4,3 (Pikel;
                  | floor).
  5288 | D:6      | 5288 ||| ZAPPING wand of quicksilver (7) at 3,2 (Pikel;
                  | floor).
  5289 | D:6      | 5289 ||| ZAPPING wand of quicksilver (6) at 2,1 (Pikel;
                  | floor).
  5290 | D:6      | 5290 ||| ZAPPING wand of quicksilver (5) at 2,0 (Pikel;
                  | floor).
  5291 | D:6      | 5291 ||| ZAPPING wand of mindburst (18) at 1,0 (Pikel;
                  | floor).
  5291 | D:6      | Killed Pikel
  5292 | D:6      | Reached skill level 6 in Dodging
  5425 | D:6      | Noticed Sigmund
  5426 | D:6      | 5426 ||| ZAPPING wand of mindburst (17) at 2,-7 (Sigmund;
                  | floor).
  5427 | D:6      | 5427 ||| ZAPPING wand of mindburst (16) at 2,-7 (Sigmund;
                  | floor).
  5428 | D:6      | Killed Sigmund
  5429 | D:6      | Reached skill level 13 in Ranged Weapons
  5536 | D:6      | Found a basalt altar of Yredelemnul.
  5615 | D:6      | Reached XP level 9. HP: 51/51 MP: 11/11
  5765 | D:6      | Found a shadowy altar of Dithmenos.
  5844 | D:6      | 5844 ||| READING scroll of enchant weapon.
  5844 | D:6      | 5844 ||| ENCHANTING +2 shortbow.
  5877 | D:6      | 5877 ||| UPGRADING to +0 pair of boots.
  5882 | D:6      | 5882 ||| DROPPING ring of ice.
  5883 | D:6      | 5883 ||| UPGRADING to +4 ring of protection.
  5885 | D:6      | 5885 ||| DROPPING ring of resist corrosion.
  5886 | D:6      | 5886 ||| DROPPING wand of flame (16).
  5917 | D:7      | 5917 ||| PLANNING OSSUARY
  6030 | D:7      | Reached skill level 14 in Ranged Weapons
  6091 | D:7      | Found a sand-covered staircase.
  6092 | D:7      | 6092 ||| READING scroll of identify.
  6092 | D:7      | 6092 ||| IDENTIFYING fizzy pink potion
  6099 | Ossuary  | Entered an ossuary
  6380 | D:7      | 6380 ||| PLANNING D:1-11
  6383 | D:7      | Found a staircase to the Ecumenical Temple.
  6384 | D:7      | 6384 ||| PLANNING TEMPLE
  6412 | Temple   | Entered the Ecumenical Temple
  6413 | Temple   | 6413 ||| PLANNING OKAWARU WORSHIP
  6418 | Temple   | Became a worshipper of Warmaster Okawaru
  6419 | Temple   | 6419 ||| PLANNING D:1-11
  6419 | Temple   | 6419 ||| REMOVING amulet of guardian spirit.
  6458 | D:7      | HP: 2/52 [ice beast (14)]
  6459 | D:7      | 6459 ||| READING scroll of teleportation.
  6459 | D:7      | Slain by an orc priest

Levels and vault maps discovered:
D:1:      lemuel_arrival_rhombus, layout_basic, serial_shops,
          nicolae_shop_drivethru
D:2:      layout_basic, basic_altar, serial_shops, nicolae_shop_trees,
          uniq_natasha
D:3:      layout_loops_ring, nicolae_half_adder
D:4:      layout_loops_ring, mainiacjoe_overflow_alcove_2,
          mainiacjoe_sewer_entry_somewhere_in_here_1
D:5:      layout_basic, overflow_temple_1_default, dreamdust_wishing_well
D:6:      layout_basic, lemuel_round_altar, old_standard_altar, uniq_sigmund,
          uniq_pikel, uniq_blork_the_orc
D:7:      layout_rooms, minmay_temple_entry_junction_2,
          nicolae_ossuary_entry_monument
Temple:   nicolae_temple_bog_church

Skill      XL: |  1  2  3  4  5  6  7  8  9 |
---------------+----------------------------+-----
Ranged Weapons | 6 7 8 9 10 12 13 14 | 14.1
Fighting       | 2 3 4 |  4.3
Dodging        | 3 6 7 |  7.2
Armour         | 1 2 |  2.0
Stealth        | |  1.2

Action                     |  1- 3 |  4- 6 |  7- 9 || total
---------------------------+-------+-------+-------++-------
   Fire: Shortbow          |    92 |   278 |   382 ||   752
  Evoke: Wand              |       |       |     8 ||     8
    Use: Scroll            |     5 |     6 |     6 ||    17
         Potion            |       |     2 |     1 ||     3
 Armour: Leather armour    |    14 |       |       ||    14
         Ring mail         |     4 |    84 |    68 ||   156
  Dodge: Dodged            |    13 |    72 |   183 ||   268

Table legend:
 A = Non-vault XP
 B = Vault XP
 C = Vault XP percentage of total XP
 D = Non-vault monster count
 E = Vault monster count
 F = Vault count percentage of total count
                 A         B        C        D         E       F
            +---------+---------+-------+---------+---------+-------
      Total |    2192 |    1804 |  45.1 |     135 |      56 |  29.3
            +---------+---------+-------+---------+---------+-------
        D:1 |      49 |       0 |   0.0 |      28 |       0 |   0.0
        D:2 |      94 |       0 |   0.0 |      21 |       0 |   0.0
        D:3 |     119 |      53 |  30.8 |      20 |       4 |  16.7
        D:4 |     179 |      18 |   9.1 |      16 |       6 |  27.3
        D:5 |     403 |       0 |   0.0 |      16 |       0 |   0.0
        D:6 |     597 |     958 |  61.6 |      17 |       3 |  15.0
        D:7 |     751 |       0 |   0.0 |      17 |       0 |   0.0
      Sewer |       0 |     432 | 100.0 |       0 |      27 | 100.0
    Ossuary |       0 |     343 | 100.0 |       0 |      16 | 100.0
            +---------+---------+-------+---------+---------+-------
